 Dungeon Crawl Stone Soup version 0.31.0-32-g396128a36d (webtiles) character file.

Game seed: 11786248011409751213

5 spaghetti the Cutter (level 1, -2/21 HPs)
             Began as a Naga Chaos Knight on Mar 15, 2024.
             Was a Plaything of Xom.
             Slain by a hobgoblin (4 damage)
             ... on level 1 of the Dungeon.
             The game lasted 00:00:25 (93 turns).

spaghetti the Cutter (Naga Chaos Knight)              Turns: 93, Time: 00:00:25

Health: -2/21      AC:  4    Str: 18    XL:     1   Next: 80%
Magic:  1/1        EV:  9    Int: 11    God:    Xom [..*...]
Gold:   6          SH:  0    Dex:  9    Spells: 0/0 levels left

rFire   . . .        a - +0 short sword (chaos)
rCold   . . .        (no shield)
rNeg    . . .        b - +2 leather armour
rPois   +            (no helmet)
rElec   .            (no cloak)
rCorr   .            (no gloves)
SInv    +            (no barding)
Will    .....        (no amulet)
Stlth   ++           (no ring)
HPRegen 0.23/turn    (no ring)
MPRegen 0.07/turn

%: no passive effects
@: very slow
A: AC +0, large, see invisible, deformed body, poison resistance, slowness 2,
spit poison 1, naga tail 1, stinger 1, deterioration 1, strong 1, subdued magic
1
a: Spit Poison, Renounce Religion


You were on level 1 of the Dungeon.
You worshipped Xom.
You were a toy of Xom.
You visited 1 branch of the dungeon, and saw 1 of its levels.

You collected 6 gold pieces.

Inventory:

Hand Weapons
 a - a +0 short sword of chaos (weapon)
Armour
 b - a +2 leather armour (worn)
Scrolls
 c - a scroll of butterflies
Potions
 d - a potion of mutation


   Skills:
 - Level 3.0 Fighting
 - Level 3.0 Short Blades
 - Level 1.5 Armour
 - Level 0.7 Dodging
 + Level 2.2 Stealth


You couldn't memorise any spells.
You didn't know any spells.
Your spell library was empty.

Dungeon Overview and Level Annotations

Branches:
Dungeon (1/15)

Altars:


Innate Abilities, Weirdness & Mutations

Your serpentine skin is tough. (AC +0)
You have supernaturally acute eyesight. (SInv)
Armour fits poorly on your strangely shaped body.
Your system is resistant to poisons. (rPois)
You cover ground very slowly.
You can spit poison.
You have a snake-like lower body.
Your tail ends in a venomous barb.
Your body sometimes deteriorates upon taking damage.
Your muscles are strong. (Str +4, Int/Dex -1)
Your spells are a little easier to cast, but a little less powerful.


Message History

You barely miss the jackal. The jackal barely misses you.
You closely miss the jackal.
The jackal is severely wounded.
The jackal bites you.
* * * LOW HITPOINT WARNING * * *
You barely miss the jackal.
The jackal is severely wounded.
You have got your breath back.
The jackal bites you but does no damage.
You hit the jackal. You freeze the jackal.
You kill the jackal! x2
Your Stealth skill increases to level 2!
Aiming: Spit Poison (3% risk of failure)
Press: ? - help, Shift-Dir - straight line, f - hobgoblin
Aim: a hobgoblin (53% to hit)
The splash of poison misses the hobgoblin.
Unknown command.
You hit the hobgoblin but do no damage. You punch the hobgoblin.
The hobgoblin is lightly wounded.
A ball python comes into view.
The hobgoblin hits you but does no damage.
You closely miss the hobgoblin.
The hobgoblin is lightly wounded.
The hobgoblin hits you but does no damage.
You hit the hobgoblin.
The hobgoblin appears confused.
The hobgoblin is moderately wounded.
You have got your breath back.
You hit the hobgoblin but do no damage.
The hobgoblin is moderately wounded.
The hobgoblin seems less confused.
The hobgoblin closely misses you.
You hit the hobgoblin but do no damage.
The hobgoblin is moderately wounded.
The hobgoblin hits you.
* * * LOW HITPOINT WARNING * * *
Okay, then.
Aiming: Spit Poison (3% risk of failure)
Press: ? - help, Shift-Dir - straight line, f/p - hobgoblin
Aim: a hobgoblin (moderately wounded, 53% to hit)
You fail to use your ability.
The hobgoblin hits you.
You die...

#.# #.#
.###
#.##.#.#
#..#..#
##.#.#
#..##
###...##
#......#
#.#@##...#
#.#g# #.##
# #S# .#
#.. # #.#
#.# #.#
#..


You could see a hobgoblin and a ball python.

Vanquished Creatures
  An endoplasm (D:1)
  A hobgoblin (D:1)
  2 jackals (D:1)
4 creatures vanquished.

Notes
Turn   | Place    | Note
-------+----------+-------------------------------------------
     0 | D:1      | spaghetti the Naga Chaos Knight began the quest for the
                  | Orb.
     0 | D:1      | Reached XP level 1. HP: 21/21 MP: 1/1
    24 | D:1      | XOM: butterfly on damage
    35 | D:1      | XOM: silly message
    67 | D:1      | Reached skill level 1 in Stealth
    76 | D:1      | Gained mutation: Your tail ends in a venomous barb. [potion
                  | of mutation]
    76 | D:1      | Gained mutation: Your spells are a little easier to cast,
                  | but a little less powerful. [potion of mutation]
    76 | D:1      | Gained mutation: Your body sometimes deteriorates upon
                  | taking damage. [potion of mutation]
    76 | D:1      | Gained mutation: Your muscles are strong. (Str +4, Int/Dex
                  | -1) [potion of mutation]
    93 | D:1      | Slain by a hobgoblin

Illustrated notes

Levels and vault maps discovered:
D:1:      dpeg_arrival_erosion, layout_loops_ring, bh_walls_and_bars

Skill      XL: |  1 |
---------------+----+-----
Stealth        | 2 |  2.2
Fighting       | |  3.0
Short Blades   | |  3.0
Armour         | |  1.5
Dodging        | |  0.7

Action                     || total
---------------------------++-------
  Melee: Short sword       ||    27
         Punch             ||     1
Ability: Spit Poison       ||     2
    Use: Potion            ||     1
 Armour: Leather armour    ||    27
  Dodge: Dodged            ||    15
